 Dungeon Crawl Stone Soup version 0.19-a0-1511-g16f215b (webtiles) character file.

41 jacquesderrida the Slasher (level 3, 0/28 HPs)
             Began as a Vine Stalker Wanderer on Sept 11, 2016.
             Succumbed to an adder's poison
             ... on level 3 of the Dungeon.
             The game lasted 00:02:30 (524 turns).

jacquesderrida the Slasher (Vine Stalker Wanderer)   Turns: 524, Time: 00:02:31

Health: 0/28       AC: 21    Str: 11 (13) XL:     3   Next: 52%
Magic:  2/4        EV:  2    Int: 10 (13) God:
Gold:   40         SH:  0    Dex: 13 (14) Spells: 0 memorised, 2 levels left

rFire  . . .     SeeInvis .     e - wand of confusion (24/48)
rCold  . . .     Gourm    .     (armour currently unavailable)
rNeg   + + +     Faith    .     (no shield)
rPois  +         Spirit   +     (helmet currently unavailable)
rElec  .         Dismiss  .     (cloak currently unavailable)
rCorr  .         Reflect  .     (gloves currently unavailable)
MR     .....     Harm     .     (boots currently unavailable)
Stlth  +......... NoTele   +    (no amulet)
                                (no ring)
                                (no ring)

@: lethally poisoned (0 -> -4), tree-form
A: (fangs 0), magic shield, (antimagic bite), no device heal 3, rot immunity
a: no special abilities


You were on level 3 of the Dungeon.
You were not hungry.
You were a tree.
You visited 1 branch of the dungeon, and saw 3 of its levels.

You collected 40 gold pieces.

Inventory:

Hand Weapons
 a - a +2 falchion
 c - a +0 short sword
Armour
 d - a +0 robe (melded)
Wands
 e - a wand of confusion (24/48) (in branch)
Scrolls
 h - 5 scrolls of identify {unknown}
 i - a scroll of random uselessness {unknown}
 j - a scroll of recharging {unknown}
Comestibles
 f - 2 bread rations
 g - a meat ration


   Skills:
 - Level 2.6 Fighting
 - Level 1.0(2.7) Short Blades
 + Level 4.0(4.1) Long Blades
 - Level 1.0 Dodging
   Level 1.7 Shields


You had 2 spell levels left.
You didn't know any spells.

Dungeon Overview and Level Annotations

Branches:
Dungeon (3/15)

Altars:


Innate Abilities, Weirdness & Mutations

((You have extremely sharp teeth.))
When hurt, damage is shared between your health and your magic reserves.
((Your bite disrupts and absorbs the magic of your enemies.))
Potions and wands cannot restore your health.
You are immune to rotting.


Message History

You are lethally poisoned!
The adder poisons you!
You slash the adder!
You kill the adder!
Your Long Blades skill increases to level 4!
* * * LOW HITPOINT WARNING * * *
You feel sick.
* * * LOW HITPOINT WARNING * * *
You feel sick.
You see here an adder corpse.
It was a potion of degeneration.
There was something very wrong with that liquid.
You feel weakened.
You feel dopey.
You feel clumsy.
You turn into a tree.
Your +0 robe melds into your body.
Your roots penetrate the ground.
Wield which item (- for none, * to show all)? (? for menu, Esc to quit)
You are already wielding that!
Wield which item (- for none, * to show all)? (? for menu, Esc to quit)
e - a wand of confusion {zapped: 3} (in branch)
You die...

#.# #.# #. #.# #.
## #.# #. ..
########.# .###.
........#..........
########.#######..
## #.# #♣# .# #.#
.# #.# .# #.# .#
#.# .# # #.#
#####.# #. #.#
#...#.#####. #.#
#........... #.#
#...#######.


There were no monsters in sight!

Vanquished Creatures
  An adder (D:3)
  A dart slug (D:1)
  2 giant cockroaches
  6 goblins (D:1)
  3 hobgoblins
  4 jackals (D:3)
  A quokka (D:3)
  2 giant newts
  2 kobolds (D:1)
  4 rats
26 creatures vanquished.

Notes
Turn   | Place    | Note
-------+----------+-------------------------------------------
     0 | D:1      | jacquesderrida the Vine Stalker Wanderer began the quest for the Orb.
     0 | D:1      | jacquesderrida set off with: a +2 falchion, a potion of lignification, a +0 short sword, a +0 robe, a bread ration
     0 | D:1      | Reached XP level 1. HP: 11/11 MP: 2/2
    84 | D:1      | Reached skill level 3 in Long Blades
   114 | D:1      | Reached XP level 2. HP: 10/16 MP: 3/3
   328 | D:2      | Reached XP level 3. HP: 6/19 MP: 4/4
   520 | D:3      | Reached skill level 4 in Long Blades
   524 | D:3      | Succumbed to an adder's poison

Vault maps used:
D:1:      eino_arrival_cavern_d, minmay_tetromino_s2
D:2:      first_bread

Skill      XL: |  1  2  3 |
---------------+----------+-----
Long Blades    | 3 4 |  4.0
Fighting       | |  2.6
Short Blades   | |  1.0
Dodging        | |  1.0
Shields        | |  1.7

Action                   || total
-------------------------++-------
Melee: Falchion          ||    60
       Bite              ||    17
Evoke: Wand              ||     1
  Use: Potion            ||     2
       Scroll            ||     1
Armor: Robe              ||     2
Dodge: Dodged            ||    40
